 Dungeon Crawl Stone Soup version 0.29.0-11-gd7f09526c8 (webtiles) character file.

Game seed: 16019901465913495739

112 concernfroge the Trooper (level 4, 0/39 HPs)
             Began as a Mummy Monk on Sept 5, 2022.
             Slain by an orc
             ... wielding a +0 trident
              (3 damage)
             ... on level 3 of the Dungeon.
             The game lasted 00:05:25 (2165 turns).

concernfroge the Trooper (Mummy Monk)               Turns: 2165, Time: 00:05:26

Health: 0/39       AC:  5    Str: 14    XL:     4   Next: 63%
Magic:  4/4        EV: 11    Int:  9    God:
Gold:   177        SH:  0    Dex: 16    Spells: 3/3 levels left

rFire   x . .      SeeInvis .   g - +3 woodcutter's axe {vorpal}
rCold   + . .      Faith    .   (shield currently unavailable)
rNeg    + + +      Spirit   .   o - +0 ring mail
rPois   ∞          Reflect  .   (no helmet)
rElec   .          Harm     .   (no cloak)
rCorr   .          Rampage  .   (no gloves)
Will    .....                   (no boots)
Stlth   ..........              b - amulet of the acrobat
HPRegen 0.13/turn               (no ring)
MPRegen 0.09/turn               (no ring)

@: confused
A: cold resistance 1, negative energy resistance 3, torment resistance 2, heat
vulnerability 1, in touch with death 1, no potions
a: no special abilities


You were on level 3 of the Dungeon.
You visited 1 branch of the dungeon, and saw 3 of its levels.

You collected 177 gold pieces.

Inventory:

Hand Weapons
 a - a +0 spear
 e - a +2 long sword of flaming
 g - the +3 woodcutter's axe (weapon) {vorpal}
   (You found it on level 3 of the Dungeon)

   It inflicts extra damage upon your enemies.
 j - a +0 great sword
Missiles
 h - 2 poisoned darts (quivered)
Armour
 c - a +0 leather armour
 l - a +0 buckler
 o - a +0 ring mail (worn)
Jewellery
 b - an amulet of the acrobat (around neck)
 d - an amulet of faith
Scrolls
 f - a scroll of brand weapon {unknown}
 i - a scroll of enchant weapon {unknown}
 k - a scroll of teleportation {unknown}
 m - a scroll of vulnerability {unknown}
 n - a scroll of identify {unknown}


   Skills:
 + Level 5.4 Fighting
 - Level 2.4 Polearms
 - Level 2.4 Dodging
 - Level 1.5 Stealth


You had 3 spell levels left.
You didn't know any spells.
Your spell library contained the following spells:

 Spells                   Type           Power      Damage    Failure   Level
 Freeze                   Ice            0%         1d3       63%         1
 Frozen Ramparts          Ice            0%         1d1       94%         3
 Ignite Poison            Fire/Tmut/Pois 0%         N/A       94%         3
 Inner Flame              Hex/Fire       0%         N/A       94%         3
 Hailstorm                Conj/Ice       0%         3d3       100%        4
 Irradiate                Conj/Tmut      0%         3d11      100%        5
 Yara's Violent Unravell  Hex/Tmut       0%         3d3       100%        5


Dungeon Overview and Level Annotations

Branches:
Dungeon (3/15)

Altars:
Uskayaw

Shops:
D:1 ?((?*


Innate Abilities, Weirdness & Mutations

You are immune to poison.
Your flesh is cold resistant. (rC+)
You are immune to negative energy. (rN+++)
You are immune to unholy pain and torment.
You are vulnerable to heat. (rF-)
You are in touch with the powers of death.
You do not drink.


Message History

You hit the orc wizard.
The orc wizard is severely wounded.
You barely miss the orc. The orc closely misses you.
The orc completely misses you.
The orc wizard hits you with a +0 dagger.
You closely miss the orc wizard.
The orc wizard is severely wounded.
You slash the orc!
You kill the orc!
You slash the orc!
You kill the orc!
The orc closely misses you.
The orc wizard points at you and mumbles some strange words.
You are confused.
You are too confused!
You are too confused!
You are too confused!
You miss the orc wizard.
The orc wizard is severely wounded.
The orc closely misses you.
The orc wizard hits you but does no damage.
You closely miss the orc wizard.
The orc wizard is severely wounded.
The orc hits you from afar with a +0 trident.
The orc wizard hits you but does no damage.
You miss the orc wizard.
The orc wizard is severely wounded.
The orc barely misses you.
The orc wizard hits you with a +0 dagger.
You miss the orc wizard.
The orc wizard is severely wounded.
The orc hits you from afar with a +0 trident.
The orc wizard gestures at you while chanting.
The puff of flame hits you! The fire burns you terribly!
* * * LOW HITPOINT WARNING * * *
You are too confused!
You miss the orc wizard.
The orc wizard is severely wounded.
The orc hits you from afar with a +0 trident.
You die...

#.### #....# #.#..
#....# #.#.. #....#
#.#.. #....# #....
#....# ##### #.o..#
###))?.# #.)@o..#
##.####♣♣
#..###♣♣♣♣♣♣♣♣##
#.###~♣~~~~~~♣~#
#.##♣♣P~~~~~~~~♣#####
###.♣~♣~~~P~~~.~~.....#
#...♣~~~............#..
#.#.................###
#.##....~.~.~...~~~~♣♣#


You could see an orc wizard and an orc.

Vanquished Creatures
  A jelly (D:3)
  A gnoll (D:3)
  2 adders (D:3)
  2 dart slugs
  A worm (D:3)
  6 orcs (D:3)
  5 endoplasms
  A giant cockroach (D:1)
  2 goblins (D:2)
  A hobgoblin (D:3)
  3 jackals (D:1)
  A quokka (D:3)
  3 ball pythons
  4 bats
  2 frilled lizards (D:3)
  5 kobolds
  A rat (D:2)
41 creatures vanquished.

Vanquished Creatures (others)
  4 plants
4 creatures vanquished.

Grand Total: 45 creatures vanquished

Notes
Turn   | Place    | Note
-------+----------+-------------------------------------------
     0 | D:1      | concernfroge the Mummy Monk began the quest for the Orb.
     0 | D:1      | Reached XP level 1. HP: 18/18 MP: 1/1
   247 | D:1      | Got the Directory of Incandescent Variation
   269 | D:1      | Found Afuguff's Weapon Shop.
   274 | D:1      | Found Heolexzyase's Magic Scroll Shop.
   471 | D:1      | Reached XP level 2. HP: 16/24 MP: 2/2
   781 | D:1      | Found Kuinin's Assorted Antiques.
   785 | D:1      | Found Ruffucsi's Magic Scroll Emporium.
   852 | D:1      | Found Biuwarus's Antique Weapon Emporium.
  1247 | D:2      | Reached skill level 4 in Fighting
  1274 | D:3      | Found a hide-covered altar of Uskayaw.
  1279 | D:3      | Gained mutation: You are in touch with the powers of death.
                  | [Mummy growth]
  1279 | D:3      | Reached XP level 3. HP: 8/30 MP: 3/3
  1279 | D:3      | Found the +3 woodcutter's axe {vorpal}
  1611 | D:3      | Reached skill level 5 in Fighting
  1611 | D:3      | Reached XP level 4. HP: 39/39 MP: 4/4
  2165 | D:3      | Slain by an orc

Illustrated notes

Levels and vault maps discovered:
D:1:      heliophobic_arrival_ceremonial_halls, layout_basic, serial_shops,
          nicolae_shop_overgrown_old_shop, shop_coins, shop, shop,
          nicolae_square_shop
D:2:      layout_loops_cross, ebering_ecumenical_altar_rust, kennysheep_nub,
          st_stairs_7
D:3:      layout_basic, mainiacjoe_overflow_small_starburst,
          serial_bayou_ford_a, minivault_26

Skill      XL: |  1  2  3 |
---------------+----------+-----
Fighting       | 4 5 |  5.4
Polearms       | |  2.4
Dodging        | |  2.4
Stealth        | |  1.5

Action                   |  1- 3 |  4- 6 || total
-------------------------+-------+-------++-------
Melee: Spear             |    62 |       ||    62
       Long sword        |    30 |       ||    30
       Battleaxe         |     1 |    32 ||    33
  Use: Scroll            |     2 |       ||     2
 Stab: Sleeping          |     5 |       ||     5
Armor: Leather armour    |    15 |     2 ||    17
       Ring mail         |       |     2 ||     2
Dodge: Dodged            |    49 |    22 ||    71
